 Dungeon Sprint DCSS version 0.22-a0-362-g535178c5c5 (webtiles) character file.

49 KillingSpree the Skirmisher (level 3, -1/37 HPs)
             Began as a Naga Fighter on Apr 20, 2018.
             Slain by a centaur (7 damage)
             ... in the Dungeon (Sprint IX: "|||||||||||||||||||||||||||||").
             The game lasted 00:00:17 (114 turns).

KillingSpree the Skirmisher (Naga Fighter)           Turns: 114, Time: 00:00:17

Health: -1/37      AC:  5    Str: 19    XL:     3   Next: 75%
Magic:  3/3        EV:  6    Int:  8    God:
Gold:   0          SH:  9    Dex: 10    Spells: 2/2 levels left

rFire    . . .     SeeInvis +   a - +0 flail
rCold    . . .     Gourm    .   c - +0 shield
rNeg     . . .     Faith    .   b - +0 scale mail
rPois    +         Spirit   .   (no helmet)
rElec    .         Reflect  .   (no cloak)
rCorr    .         Harm     .   (no gloves)
MR       .....     NoTele   +   (no barding)
Stlth    ..........             (no amulet)
HPRegen  0.12/turn              (no ring)
MPRegen  0.08/turn              (no ring)

@: berserk cooldown, slowed, very slow
A: large, see invisible, deformed body, poison resistance, slowness 2, slow
metabolism 1, spit poison 1, AC +1
a: Spit Poison


You were in the Dungeon.
You were not hungry.

You visited 1 branch

Inventory:

Hand Weapons
 a - a +0 flail (weapon)
Armour
 b - a +0 scale mail (worn)
 c - a +0 shield (worn)
Scrolls
 k - a scroll of blinking
Potions
 d - a potion of might
 e - a potion of curing
 g - a potion of heal wounds
 h - a potion of haste
 i - 2 potions of magic
Comestibles
 f - a ration


   Skills:
 + Level 4.7 Fighting
 + Level 2.8 Maces & Flails
 + Level 4.0 Armour
 + Level 0.5 Dodging
 + Level 4.0 Shields


You had 2 spell levels left.
You didn't know any spells.

Dungeon Overview and Level Annotations

Branches:
Dungeon (1/1)

Altars:


Innate Abilities, Weirdness & Mutations

You cannot wear boots.
Your serpentine skin is tough. (AC +1)
You have supernaturally acute eyesight. (SInv)
Armour fits poorly on your strangely shaped body.
Your system is resistant to poisons. (rPois)
You cover ground very slowly.
You have a slow metabolism.
You can spit poison.


Message History

The centaur closely misses you.
Unknown command.
Press: ? - help, Shift-Dir - straight line, f - centaur
Aim: a centaur (heavily wounded)
The splash of poison hits the centaur.
The centaur is poisoned.
The centaur is severely wounded.
You feel slightly more hungry.
The centaur hits you but does no damage.
You block the centaur's attack.
You hit the centaur but do no damage.
The centaur is severely wounded.
You have got your breath back.
You block the centaur's attack. The centaur hits you.
* * * LOW HITPOINT WARNING * * *
The centaur hits you.
* * * LOW HITPOINT WARNING * * *
You hit the centaur.
The centaur is severely wounded.
The centaur hits you!
You die...

▓+▓
▓.▓
▓.▓
▓c▓
▓@▓
▓(▓
▓'▓
▓.▓
▓.▓
▓.▓
▓.▓
▓†▓
▓†▓


You could see a centaur.

Vanquished Creatures
  A hound (D)
  A gnoll (D)
  An orc (D)
  2 bats (D)
  A bat zombie (D)
  A jackal (D)
  A frilled lizard (D)
  A rat (D)
9 creatures vanquished.

Notes
Turn   | Place    | Note
-------+----------+-------------------------------------------
     0 | D        | KillingSpree the Naga Fighter began the quest for the Orb.
     0 | D        | Reached XP level 1. HP: 21/21 MP: 1/1
    97 | D        | Noticed a centaur
    97 | D        | Noticed a hound
   101 | D        | Reached XP level 2. HP: 21/30 MP: 2/2
   107 | D        | Reached XP level 3. HP: 22/37 MP: 3/3
   114 | D        | Slain by a centaur

Vault maps used:
D:        linesprint

Skill      XL: |  1  2  3 |
---------------+----------+-----
Shields        | 3 4 |  4.0
Fighting       | 4 |  4.7
Armour         | 3 4 |  4.0
Maces & Flails | |  2.8
Dodging        | |  0.5

Action                   || total
-------------------------++-------
Melee: Flail             ||    30
 Abil: Spit Poison       ||     1
  Use: Potion            ||     1
Armor: Scale mail        ||    15
Dodge: Dodged            ||     6
Block: Shield            ||    18

Table legend:
 A = Spawn XP
 B = Non-spawn XP
 C = Spawn XP percentage of total XP
 D = Spawn monster count
 E = Non-spawn monster count
 F = Spawn count percentage of total count
 G = Total turns spent on level
                    A         B        C        D         E        F      G
               +---------+---------+-------+---------+---------+-------+---------
         Total |       0 |      70 |   0.0 |       0 |       9 |   0.0 |   114
               +---------+---------+-------+---------+---------+-------+---------
             D |       0 |      70 |   0.0 |       0 |       9 |   0.0 |   114
               +---------+---------+-------+---------+---------+-------+---------
